 Dungeon Crawl Stone Soup version 0.29.0-4-gdea44cf6ec (webtiles) character file.

Game seed: 4581757043866094331

66 qw the Chopper (level 4, -2/26 HPs)
             Began as a Tengu Warper on Aug 28, 2022.
             Slain by a gnoll
             ... wielding a +0 club
              (4 damage)
             ... on level 3 of the Dungeon.
             The game lasted 00:00:11 (2222 turns).

qw the Chopper (Tengu Warper)                       Turns: 2222, Time: 00:00:11

Health: -2/26      AC:  5    Str: 13    XL:     4   Next: 15%
Magic:  8/8        EV: 15    Int: 14    God:
Gold:   90         SH:  0    Dex: 13    Spells: 7/7 levels left

rFire   . . .      SeeInvis .   Y - +0 hand axe
rCold   . . .      Faith    .   (no shield)
rNeg    . . .      Spirit   .   c - +0 ring mail
rPois   .          Reflect  .   (helmet restricted)
rElec   .          Harm     .   (no cloak)
rCorr   .          Rampage  .   (no gloves)
Will    .....                   (boots unavailable)
Stlth   +.........              (no amulet)
HPRegen 0.08/turn               a - +4 ring of evasion
MPRegen 0.11/turn               (no ring)

@: no status effects
A: beak, talons 3
a: no special abilities


You were on level 3 of the Dungeon.
You visited 1 branch of the dungeon, and saw 3 of its levels.

You collected 90 gold pieces.


Innate Abilities, Weirdness & Mutations

You have a beak for a mouth.
You have claws for feet.


   Skills:
 - Level 2.0 Fighting
 + Level 4.7 Axes
 - Level 1.0 Throwing
 - Level 1.1 Armour
 - Level 2.1 Dodging
 - Level 2.0 Spellcasting
 - Level 2.4 Translocations


You had 7 spell levels left.
You didn't know any spells.
Your spell library contained the following spells:

 Spells                   Type           Power      Damage    Failure   Level
 Blink                    Tloc           16%        N/A       28%         2
 Gell's Gravitas          Tloc           8%         N/A       50%         3
 Lesser Beckoning         Tloc           8%         N/A       50%         3
 Teleport Other           Tloc           8%         N/A       50%         3
 Manifold Assault         Tloc           8%         N/A       99%         5

Inventory:

Hand Weapons
 d - a +0 whip
 Y - a +0 hand axe (weapon)
Armour
 c - a +0 ring mail (worn)
Jewellery
 a - a +4 ring of evasion (left hand)
Potions
 e - a potion of invisibility {unknown}
 f - a potion of heal wounds {unknown}
 g - a potion of haste {unknown}
 i - a potion of curing {unknown}
 j - a potion of flight {unknown}
 k - a potion of resistance {unknown}

Dungeon Overview and Level Annotations

Branches:
Dungeon (3/15)

Altars:


Message History

The kobold throws a stone.
The stone hits you.
The kobold throws a stone.
The stone closely misses you.
The kobold throws a stone.
The stone completely misses you.
You hit the kobold.
You kill the kobold!
A gnoll comes into view. It is wielding a +0 flail.
The gnoll shouts!
You hear a shout!
A gnoll comes into view. It is wielding a +0 club.
Enter note:
2210 ||| Stepping ~*~*~tactically~*~*~ (stealth).
A gnoll comes into view. It is wielding a +0 halberd.
2211 ||| Stepping ~*~*~tactically~*~*~ (hiding).
You start waiting.
A gnoll is nearby!
You barely miss the gnoll. The gnoll hits you with a +0 flail!
Ouch! That really hurt!
You closely miss the gnoll. You claw the gnoll.
The gnoll is lightly wounded.
A kobold comes into view. It is wielding a +0 whip.
The gnoll hits you with a +0 flail.
You barely miss the gnoll.
The kobold shouts!
You claw the gnoll.
The gnoll is moderately wounded.
You hear a shout!
The gnoll closely misses you.
You hit the gnoll but do no damage.
The gnoll is moderately wounded.
The gnoll hits you but does no damage.
You slash the gnoll! You claw the gnoll.
You kill the gnoll!
You have reached level 4!
You feel clever.
You closely miss the kobold. Your peck misses the kobold.
The kobold hits you but does no damage.
You hit the gnoll but do no damage. You claw the gnoll.
The gnoll is lightly wounded.
You hit the kobold but do no damage. The kobold hits you with a +0 whip.
The gnoll hits you with a +0 club.
You die...

#..................
#..................
#..................
#....)............g
##....<.............
#...................
+....###.#.......g..
#.... #.###g####.#g
..... #.# #.@..#
..#.# #+# #.K..# .
#. +....# # #....#
+..... #....#.
######.# .


You could see a gnoll and a kobold.

Vanquished Creatures
  A gnoll (D:3)
  An adder (D:2)
  A dart slug (D:2)
  7 endoplasms
  4 goblins
  6 hobgoblins
  A quokka (D:2)
  5 ball pythons
  3 bats
  A frilled lizard (D:2)
  7 kobolds
  4 rats
41 creatures vanquished.

Notes
Turn   | Place    | Note
-------+----------+-------------------------------------------
     0 | D:1      | qw the Tengu Warper began the quest for the Orb.
     0 | D:1      | Reached XP level 1. HP: 12/12 MP: 4/4
     0 | D:1      | 0 ||| qw: Version: 0.1-a-89-g26bdef1
     0 | D:1      | 0 ||| qw: Game counter: 2210
     0 | D:1      | 0 ||| qw: Always use a shield: true
     0 | D:1      | 0 ||| qw: God list: Okawaru
     0 | D:1      | 0 ||| qw: Allow faded altars: false
     0 | D:1      | 0 ||| qw: Do Orc after D:15 true
     0 | D:1      | 0 ||| qw: Do second Lair branch before Depths: true
     0 | D:1      | 0 ||| qw: Lair rune preference: random
     0 | D:1      | 0 ||| qw: Plans: Normal
     0 | D:1      | 0 ||| PLANNING D:1-11
   160 | D:1      | Reached XP level 2. HP: 10/17 MP: 6/6
   162 | D:1      | Reached skill level 3 in Axes
   331 | D:1      | 331 ||| Stepping ~*~*~tactically~*~*~ (stealth).
   460 | D:1      | 460 ||| DROPPING +0 club.
   510 | D:1      | 510 ||| Stepping ~*~*~tactically~*~*~ (stealth).
   613 | D:1      | 613 ||| Stepping ~*~*~tactically~*~*~ (stealth).
   614 | D:1      | 614 ||| Stepping ~*~*~tactically~*~*~ (stealth).
   626 | D:1      | 626 ||| Stepping ~*~*~tactically~*~*~ (stealth).
   758 | D:1      | Reached XP level 3. HP: 21/21 MP: 7/7
   839 | D:1      | 839 ||| Stepping ~*~*~tactically~*~*~ (stealth).
   840 | D:1      | 840 ||| Stepping ~*~*~tactically~*~*~ (stealth).
   844 | D:1      | 844 ||| Stepping ~*~*~tactically~*~*~ (stealth).
   964 | D:1      | 964 ||| READING scroll labelled JOLOVO GYCRET.
   965 | D:1      | 965 ||| READING scroll labelled TOWOOPROUPT.
   966 | D:1      | 966 ||| READING scroll labelled FIVONI XIFUL.
   967 | D:1      | 967 ||| DROPPING scroll of blinking.
  1151 | D:2      | 1151 ||| Stepping ~*~*~tactically~*~*~ (stealth).
  1160 | D:2      | 1160 ||| Stepping ~*~*~tactically~*~*~ (stealth).
  1167 | D:2      | Reached skill level 4 in Axes
  2114 | D:2      | 2114 ||| UPGRADING to +0 ring mail.
  2124 | D:2      | 2124 ||| DROPPING +0 leather armour.
  2125 | D:2      | 2125 ||| DROPPING scarf of harm.
  2126 | D:2      | 2126 ||| UPGRADING to +4 ring of evasion.
  2210 | D:3      | 2210 ||| Stepping ~*~*~tactically~*~*~ (stealth).
  2211 | D:3      | 2211 ||| Stepping ~*~*~tactically~*~*~ (hiding).
  2217 | D:3      | HP: 5/21 [gnoll/+0 flail (5)]
  2221 | D:3      | Reached XP level 4. HP: 6/26 MP: 8/8
  2222 | D:3      | HP: 2/26 [kobold/+0 whip (5)]
  2222 | D:3      | Slain by a gnoll

Levels and vault maps discovered:
D:1:      heliophobic_arrival_ceremonial_halls, layout_loops_ring, hex_tiny
D:2:      layout_loops_corners
D:3:      layout_basic, shapermc_ecumenical_altar_rom_forum, st_stairs_1,
          chequers_serial_rivers_marsh, minmay_checkerbox

Skill      XL: |  1  2  3 |
---------------+----------+-----
Axes           | 3 4 |  4.7
Fighting       | |  2.0
Throwing       | |  1.0
Armour         | |  1.1
Dodging        | |  2.1
Spellcasting   | |  2.0
Translocations | |  2.4

Action                   |  1- 3 |  4- 6 || total
-------------------------+-------+-------++-------
Melee: Hand axe          |    88 |     2 ||    90
       Kick              |    26 |     1 ||    27
       Peck              |    10 |       ||    10
       Punch             |     1 |       ||     1
Throw: Boomerang         |     7 |       ||     7
  Use: Scroll            |     3 |       ||     3
 Stab: Sleeping          |     1 |       ||     1
Armor: Leather armour    |    19 |       ||    19
       Ring mail         |     1 |     1 ||     2
Dodge: Dodged            |    47 |       ||    47

Table legend:
 A = Non-vault XP
 B = Vault XP
 C = Vault XP percentage of total XP
 D = Non-vault monster count
 E = Vault monster count
 F = Vault count percentage of total count
                 A         B        C        D         E       F
            +---------+---------+-------+---------+---------+-------
      Total |      95 |       0 |   0.0 |      41 |       0 |   0.0
            +---------+---------+-------+---------+---------+-------
        D:1 |      36 |       0 |   0.0 |      22 |       0 |   0.0
        D:2 |      43 |       0 |   0.0 |      17 |       0 |   0.0
        D:3 |      16 |       0 |   0.0 |       2 |       0 |   0.0
            +---------+---------+-------+---------+---------+-------
